 Dungeon Crawl Stone Soup version 0.30-a0-956-gcec3b41aec (webtiles) character file.

Game seed: 7175956485980384934

170 Darkkill the Shooter (level 5, -3/46 HPs)
             Began as a Minotaur Hunter on Mar 29, 2023.
             Slain by Pikel
             ... wielding a +2 whip of flaming
              (9 damage)
             ... on level 4 of the Dungeon.
             The game lasted 00:04:12 (2434 turns).

Darkkill the Shooter (Minotaur Hunter)              Turns: 2434, Time: 00:04:13

Health: -3/46      AC:  5    Str: 16    XL:     5   Next: 26%
Magic:  4/4        EV: 13    Int:  6    God:
Gold:   184        SH:  0    Dex: 15    Spells: 4/4 levels left

rFire   . . .      SeeInvis .    a - +1 shortbow
rCold   . . .      Faith    .    (shield currently unavailable)
rNeg    . . .      Spirit   .    c - +0 leather armour
rPois   .          Reflect  .    (helmet restricted)
rElec   .          Rampage  .    e - +0 cloak
rCorr   .                        n - +0 pair of gloves
Will    .....                    (no boots)
Stlth   ++                       (no amulet)
HPRegen 0.27/turn                (no ring)
MPRegen 0.09/turn                (no ring)

@: no status effects
A: horns 2, retaliatory headbutt
a: no special abilities


You were on level 4 of the Dungeon.
You visited 1 branch of the dungeon, and saw 4 of its levels.

You collected 184 gold pieces.

Inventory:

Hand Weapons
 a - a +1 shortbow (weapon)
Missiles
 d - 21 stones
 f - 8 boomerangs
Armour
 c - a +0 leather armour (worn)
 e - a +0 cloak (worn)
 n - a +0 pair of gloves (worn)
Wands
 j - a wand of mindburst (20)
Scrolls
 b - a scroll of immolation
 g - 3 scrolls of teleportation
Potions
 h - a potion of magic {unknown}
 i - a potion of heal wounds {unknown}
 k - a potion of cancellation
 l - a potion of berserk rage {unknown}
 m - 3 potions of haste {unknown}


   Skills:
 + Level 3.9 Fighting
 + Level 5.2 Ranged Weapons
 + Level 3.4 Dodging
 + Level 2.3 Stealth


You had 4 spell levels left.
You didn't know any spells.
Your spell library contained the following spells:

 Spells                   Type           Power      Damage    Failure   Level
 Freeze                   Ice            0%         1d3       52%         1
 Frozen Ramparts          Ice            0%         1d1       88%         3
 Hailstorm                Conj/Ice       0%         3d3       88%         3
 Stone Arrow              Conj/Erth      0%         3d7       88%         3
 Animate Armour           Summ/Erth      0%         N/A       99%         4
 Lehudib's Crystal Spear  Conj/Erth      0%         10d2      100%        8


Dungeon Overview and Level Annotations

Branches:
Dungeon (4/15)
 Temple: D:4-7

Altars:
The Shining One

Shops:
D:1 *

Annotations:
D:4 Pikel


Innate Abilities, Weirdness & Mutations

You have a pair of horns on your head.
You reflexively headbutt those who attack you in melee.


Message History

You shoot an arrow. The arrow hits the lemure.
The lemure is almost dead.
The lemure misses you. The lemure hits you.
You shoot an arrow. The arrow closely misses the lemure.
The arrow hits the jelly!
The jelly is heavily wounded.
The lemure closely misses you.
You shoot an arrow. The arrow hits the lemure.
You kill the lemure!
That felt strangely unrewarding.
The jelly hits you but does no damage.
You shoot an arrow. The arrow hits the jelly!
You kill the jelly!
No target in view!
No target in view!
No target in view!
Pikel, Merchant of Souls comes into view.
He is wielding a +2 whip of flaming.
Fire: a) +1 shortbow
Press: ? - help, Q - select action, (/) - cycle Shift-Dir - straight line, f - Pikel
Aim: Pikel, wielding a +2 whip of flaming and wearing a +0 robe (wandering, hasn't noticed you, 56% to hit)
You shoot an arrow. The arrow closely misses Pikel.
Pikel shouts!
You hear a shout!
Fire: a) +1 shortbow
Press: ? - help, Q - select action, (/) - cycle Shift-Dir - straight line, f/p - Pikel
Aim: Pikel, wielding a +2 whip of flaming and wearing a +0 robe (56% to hit)
You shoot an arrow. The arrow misses Pikel.
Pikel drinks a potion.
Pikel flickers and vanishes!
Deactivating autopickup; reactivate with Ctrl-A.
Fire: a) +1 shortbow
Press: ? - help, Q - select action, (/) - cycle Shift-Dir - straight line, f - you Really target yourself? [Y]es or [N]o only, please.
Really target yourself? [Y]es or [N]o only, please.
Really target yourself? [Y]es or [N]o only, please.
Really target yourself? [Y]es or [N]o only, please.
Really target yourself? [Y]es or [N]o only, please.
Really target yourself? [Y]es or [N]o only, please.
Really target yourself? [Y]es or [N]o only, please.
Really target yourself? [Y]es or [N]o only, please.
Really target yourself? [Y]es or [N]o only, please.
Really target yourself?
Okay, then.
Unknown command.
Fire: a) +1 shortbow
Press: ? - help, Q - select action, (/) - cycle Shift-Dir - straight line You shoot an arrow.
A lemure comes into view.
A lemure comes into view.
Fire: a) +1 shortbow
Press: ? - help, Q - select action, (/) - cycle Shift-Dir - straight line You shoot an arrow.
The lemure shouts!
The arrow hits the lemure.
The lemure is lightly wounded.
Something hits you! Something burns you.
A lemure comes into view.
Fire: a) +1 shortbow
Press: ? - help, Q - select action, (/) - cycle Shift-Dir - straight line, f - lemure
Aim: a lemure (lightly wounded, 56% to hit)
You shoot an arrow. The arrow completely misses the lemure.
Something hits you but does no damage.
Fire: a) +1 shortbow
Press: ? - help, Q - select action, (/) - cycle Shift-Dir - straight line, f/p - lemure
Aim: a lemure (lightly wounded, 56% to hit)
You shoot an arrow. Something hits you! Something burns you.
Fire: a) +1 shortbow
Press: ? - help, Q - select action, (/) - cycle Shift-Dir - straight line, f/p - lemure
Aim: a lemure (lightly wounded, 56% to hit)
You shoot an arrow. The arrow hits the lemure.
The lemure is moderately wounded.
Something hits you. Something burns you.
A kobold comes into view. It is wielding a +0 short sword.
The lemure closely misses you.
Unknown command.
You shoot an arrow. Something hits you. Something burns you.
The lemure completely misses you. You furiously retaliate!
You headbutt the lemure! Something completely misses you.
You shoot an arrow. The arrow barely misses the lemure.
The lemure closely misses you. Something barely misses you.
The lemure misses you. You furiously retaliate!
You headbutt the lemure. You shoot an arrow.
The arrow hits the lemure but does no damage.
Something hits you. Something burns you. The lemure hits you.
The lemure misses you. You furiously retaliate!
You headbutt the lemure! You shoot an arrow. Something hits you.
* * * LOW HITPOINT WARNING * * *
Something burns you.
* * * LOW HITPOINT WARNING * * *
The lemure closely misses you. The lemure misses you. Something hits you!
You die...

....... ......
..... ###...#
# #.....# .#.
##.....#....
#...5.......
#{5....#
###@5K####
##......#.#
##....#....#
#.....#.#....
##......###..
###....## #
#......# .#
###....####...
##.#...>.....


You could see 3 lemures and a kobold.

Vanquished Creatures
  A lemure (D:4)
  A jelly (D:4)
  An orc wizard (D:4)
  3 gnolls (D:2)
  3 adders
  2 worms (D:2)
  3 orcs
  8 bats
  5 endoplasms
  A giant cockroach (D:4)
  3 hobgoblins
  3 jackals (D:3)
  3 quokkas
  A ball python (D:3)
  4 frilled lizards
  4 goblins
  4 kobolds
  6 rats
56 creatures vanquished.

Notes
Turn   | Place    | Note
-------+----------+-------------------------------------------
     0 | D:1      | Darkkill the Minotaur Hunter began the quest for the Orb.
     0 | D:1      | Reached XP level 1. HP: 18/18 MP: 0/0
    95 | D:1      | Reached skill level 1 in Stealth
   138 | D:1      | Reached XP level 2. HP: 25/25 MP: 1/1
   356 | D:1      | Found Suasupur's General Store.
   696 | D:2      | Reached XP level 3. HP: 31/31 MP: 2/2
   707 | D:2      | Found a faded altar of an unknown god.
   718 | D:2      | Prayed at the altar of an unknown god.
   718 | D:2      | Became a worshipper of the Shining One
   718 | D:2      | Reached * piety under the Shining One
  1115 | D:2      | Reached XP level 4. HP: 14/38 MP: 3/3
  1206 | D:2      | Fell from the grace of the Shining One
  1622 | D:3      | Reached skill level 5 in Ranged Weapons
  2384 | D:4      | Reached XP level 5. HP: 44/46 MP: 4/4
  2400 | D:4      | Noticed a lemure
  2408 | D:4      | Killed a lemure
  2420 | D:4      | Noticed Pikel
  2423 | D:4      | Noticed a lemure
  2424 | D:4      | Noticed a lemure
  2426 | D:4      | Noticed a lemure
  2433 | D:4      | HP: 9/46 [something (6)]
  2434 | D:4      | Slain by Pikel

Illustrated notes

Levels and vault maps discovered:
D:1:      tekkud_arrival_beachfront_property, layout_rooms, serial_shops,
          nicolae_shop_statue_plus
D:2:      layout_basic, ebering_ecumenical_altar_box, minmay_hedge_maze,
          minmay_tetromino_s4
D:3:      layout_basic, serial_rivers, chequers_serial_rivers_large_b,
          chequers_serial_rivers_large_a, chequers_serial_rivers_micro_d,
          chequers_serial_rivers_micro_d, chequers_serial_rivers_small_3,
          chequers_serial_rivers_small_a
D:4:      layout_cave_pools, uniq_pikel

Skill      XL: |  1  2  3  4 |
---------------+-------------+-----
Stealth        | 1 2 |  2.3
Fighting       | 3 |  3.9
Dodging        | 3 |  3.4
Ranged Weapons | 5 |  5.2

Action                     |  1- 3 |  4- 6 || total
---------------------------+-------+-------++-------
   Fire: Shortbow          |    87 |    71 ||   158
 Invoke: Renounce Religion |       |     1 ||     1
    Use: Scroll            |     2 |     2 ||     4
 Armour: Leather armour    |    11 |     4 ||    15
  Dodge: Dodged            |    12 |    20 ||    32

Table legend: (Time is in decaauts)
 A = Elapsed time spent in this place.
 B = Non-inter-level travel time spent in this place.
 C = Inter-level travel time spent in this place.
 D = Time resting spent in this place.
 E = Time spent auto-exploring this place.
 F = Levels seen in this place.
 G = Mean time per level.
                   A        B        C        D        E       F      G
               +--------+--------+--------+--------+--------+-----+--------+
         Total |   2521 |   2436 |     85 |     91 |   1994 |   4 |  630.2 |
       Dungeon |   2521 |   2436 |     85 |     91 |   1994 |   4 |  630.2 |
               +--------+--------+--------+--------+--------+-----+--------+

Top non-repeatable levels by time:
     D:3: 938 daAuts
     D:2: 829 daAuts
     D:1: 571 daAuts
     D:4: 181 daAuts

Table legend:
 A = Kills in this place as a percentage of kills in the entire game.
 B = Kills by you in this place as a percentage of kills by you in the entire game.
 C = Kills by friends in this place as a percentage of kills by friends in the entire game.
 D = Other kills in this place as a percentage of other kills in the entire game.
 E = Experience gained in this place as a percentage of experience gained in the entire game.
 F = Experience gained in this place divided by the number of levels of this place that you have seen.
                   A       B       C       D       E      F
               +-------+-------+-------+-------+-------+----------------------
         Total | 100.0 | 100.0 |   N/A |   N/A | 100.0 |  61.0
       Dungeon | 100.0 | 100.0 |   N/A |   N/A | 100.0 |  61.0
               +-------+-------+-------+-------+-------+----------------------
